 Dungeon Sprint DCSS version 0.20-a0-1039-gf554463 (webtiles) character file.

2235 Deathtrap2010 the Grappler (level 9, -15/105 HPs)
             Began as a Troll Monk on Apr 22, 2017.
             Was a High Priest of Dithmenos.
             Killed from afar by an orc knight (30 damage)
             ... with an exploding inner flame
             ... hexed by the player character
             ... in the Dungeon (Sprint III: "The Ten Rune Challenge").
             The game lasted 00:05:20 (534 turns).

Deathtrap2010 the Grappler (Troll Monk)              Turns: 534, Time: 00:05:24

Health: -15/105    AC:  8    Str: 24    XL:     9   Next: 14%
Magic:  8/8        EV: 15    Int:  6    God:    Dithmenos [*****.]
Gold:   30         SH:  0    Dex: 12    Spells: 8/8 levels left

rFire    . . .     SeeInvis .     - Unarmed
rCold    . . .     Gourm    +   (no shield)
rNeg     . . .     Faith    .   a - +0 robe
rPois    .         Spirit   .   (helmet restricted)
rElec    .         Reflect  .   (no cloak)
rCorr    .         Harm     .   (gloves unavailable)
MR       +....     NoTele   +   (boots unavailable)
Stlth    +++.......             (no amulet)
Regen    0.7/turn               (no ring)
MPRegen  0.2/turn               (no ring)

@: slowed, wreathed by umbra, very slow
A: unfitting armour, claws 3, rugged brown scales 1, yellow scales 1, fast
metabolism 3, gourmand, magic resistance 1, regeneration 1, screaming 1, shaggy
fur 1, tough skin 2
a: Shadow Step, Shadow Form, Renounce Religion


You were in the Dungeon.
You worshipped Dithmenos.
Dithmenos was extremely pleased with you.
You were not hungry.

You visited 1 branch You collected 30 gold pieces.

Inventory:

Armour
 a - a +0 robe (worn)
Scrolls
 h - a scroll of blinking
 j - a scroll of immolation
 k - 4 scrolls of identify
 l - 3 scrolls of remove curse
Potions
 c - a potion of curing
 e - a potion of haste
 f - 2 potions of magic
 i - a potion of mutation
 n - a potion of flight
Comestibles
 b - 2 bread rations
 g - a royal jelly
 m - 2 fruits


   Skills:
 * Level 10.3 Fighting
 * Level 10.2 Dodging
 - Level 2.8 Stealth
 * Level 12.5 Unarmed Combat


You had 8 spell levels left.
You didn't know any spells.

Dungeon Overview and Level Annotations

Branches:
Dungeon (1/1)

Altars:
Cheibriados
Dithmenos
Elyvilon
Fedhas
Gozag
Hepliaklqana
Kikubaaqudgha
Makhleb
Nemelex Xobeh
Okawaru
Qazlal
Ru
Sif Muna
Trog
Uskayaw
Vehumet
Wu Jian
Xom
Yredelemnul
Zin
The Shining One
Beogh
Jiyva
Lugonu

Shops:
D }


Innate Abilities, Weirdness & Mutations

You are too large for most types of armour.
You have claws for hands.
Your metabolism is lightning-fast.
You like to eat raw meat.
Your natural rate of healing is unusually fast.
You are covered in fur. (AC +1)
You have very tough skin. (AC +2)
You are partially covered in rugged brown scales. (AC +1, +3% HP)
You are partially covered in yellow scales. (AC +2)
You are resistant to hostile enchantments. (MR+)
You occasionally shout uncontrollably at your foes.


Message History

Dithmenos accepts your kill. x3
You hear an explosion!
Dithmenos accepts your kill.
You can now transform into a swirling mass of shadows.
Your Unarmed Combat skill increases to level 12!
You have reached level 9!
Your experience leads to an increase in your attributes!
Increase (S)trength, (I)ntelligence, or (D)exterity?
You feel stronger. x2
You feel a bit more experienced. Dithmenos accepts your kill. x7
The fiery explosion engulfs the orc knight.
The orc knight is severely wounded.
Dithmenos accepts your kill. The fiery explosion engulfs you!
* * * LOW HITPOINT WARNING * * *
The fiery explosion engulfs the orc knight.
The orc knight explodes!
The fiery explosion engulfs you!
You die...

▓▓▓ ▓ ▓▓
##.#############$#$ $
##..#___#___#__#§#§###§$
.#..#...#__)#._#§§§§§§§§
.#..###'#÷###)##§§§§§§§§
'#..#..).......#§§§§§§§§
#...'.⌠........#@#
#...#...######'#.#
....#.⌠.#__#...#'#####
†...#...#__#...#§§§≈≈+
....#)###__#...#.#§≈≈#
....#)::#__#...'.#§§.#
....#___#__'...#.#.§.#
▓▓▓▓▓▓▓▓▓▓▓▓▓▓▓▓▓▓▓▓▓▓


There were no monsters in sight!

Vanquished Creatures
  Erica (D)
  A deep elf mage (D)
  A shadow (D)
  A spatial vortex (D)
  2 orc warriors (D)
  A necrophage (D)
  A water elemental (D)
  A jelly (D)
  3 orc priests (D)
  Jessica (D)
  A wizard (D)
  A necromancer (D)
  2 orc wizards (D)
  A kobold demonologist (D)
  3 humans (D)
  An ooze (D)
  A phantom (D)
  9 orcs (D)
  A rat (D)
33 creatures vanquished.

Vanquished Creatures (others)
  2 draconian scorchers (D)
  2 yaktaurs (D)
  6 hellions (D)
  5 plants (D)
15 creatures vanquished.

Grand Total: 48 creatures vanquished

Notes
Turn   | Place    | Note
-------+----------+-------------------------------------------
     0 | D        | Deathtrap2010 the Troll Monk began the quest for the Orb.
     0 | D        | Reached XP level 1. HP: 23/23 MP: 0/0
    38 | D        | Noticed Jessica
    40 | D        | Killed a yaktaur
    47 | D        | Killed Jessica
    47 | D        | Reached skill level 1 in Unarmed Combat
    47 | D        | Reached XP level 2. HP: 33/33 MP: 1/1
    47 | D        | Reached XP level 3. HP: 40/40 MP: 2/2
    74 | D        | Killed a hellion
    92 | D        | Reached skill level 5 in Fighting
   111 | D        | Gained mutation: You are partially covered in thin metallic scales. (AC +2) [potion of mutation]
   111 | D        | Gained mutation: You expend magic power (3 MP) to strengthen your wands. [potion of mutation]
   111 | D        | Gained mutation: Your spells are a little harder to cast, but a little more powerful. [potion of mutation]
   112 | D        | Lost mutation: Your spells are a little harder to cast, but a little more powerful. [potion of mutation]
   112 | D        | Lost mutation: You are partially covered in thin metallic scales. (AC +2) [potion of mutation]
   112 | D        | Lost mutation: You expend magic power (3 MP) to strengthen your wands. [potion of mutation]
   112 | D        | Gained mutation: You are resistant to hostile enchantments. (MR+) [potion of mutation]
   112 | D        | Gained mutation: Your flesh is heat resistant. (rF+) [potion of mutation]
   112 | D        | Gained mutation: You expend magic power (3 MP) to strengthen your wands. [potion of mutation]
   112 | D        | Gained mutation: Your mind is acute. (Int +2) [potion of mutation]
   113 | D        | Lost mutation: Your flesh is heat resistant. (rF+) [potion of mutation]
   113 | D        | Lost mutation: You expend magic power (3 MP) to strengthen your wands. [potion of mutation]
   113 | D        | Gained mutation: You are weak. (Str -2) [potion of mutation]
   113 | D        | Gained mutation: You are partially covered in yellow scales. (AC +2) [potion of mutation]
   114 | D        | Lost mutation: You are weak. (Str -2) [potion of mutation]
   114 | D        | Lost mutation: You are partially covered in yellow scales. (AC +2) [potion of mutation]
   114 | D        | Lost mutation: Your mind is acute. (Int +2) [potion of mutation]
   114 | D        | Gained mutation: You are partially covered in yellow scales. (AC +2) [potion of mutation]
   114 | D        | Gained mutation: You occasionally shout uncontrollably at your foes. [potion of mutation]
   114 | D        | Gained mutation: You are partially covered in rugged brown scales. (AC +1, +3% HP) [potion of mutation]
   117 | D        | Killed a hellion
   119 | D        | Noticed a water elemental
   125 | D        | Killed a hellion
   126 | D        | Killed a hellion
   128 | D        | Killed a water elemental
   128 | D        | Reached skill level 5 in Dodging
   128 | D        | Reached skill level 3 in Unarmed Combat
   128 | D        | Reached XP level 4. HP: 36/53 MP: 3/3
   134 | D        | Found a glowing silver altar of Zin.
   134 | D        | Found a glowing golden altar of the Shining One.
   134 | D        | Found a white marble altar of Elyvilon.
   135 | D        | Noticed a deep elf mage
   138 | D        | Killed a hellion
   146 | D        | Noticed an earth elemental
   146 | D        | Noticed an earth elemental
   147 | D        | Killed a deep elf mage
   147 | D        | Reached skill level 7 in Unarmed Combat
   147 | D        | Reached XP level 5. HP: 5/67 MP: 4/4
   147 | D        | Reached XP level 6. HP: 6/76 MP: 5/5
   147 | D        | Reached XP level 7. HP: 6/83 MP: 6/6
   156 | D        | Killed a white draconian scorcher
   189 | D        | Killed a hellion
   198 | D        | Killed a white draconian scorcher
   302 | D        | Found a hide-covered altar of Uskayaw.
   302 | D        | Found a roughly hewn altar of Beogh.
   302 | D        | Found an iron altar of Okawaru.
   302 | D        | Found a bloodstained altar of Trog.
   302 | D        | Found an ornate altar of the Wu Jian Council.
   302 | D        | Noticed a human
   303 | D        | Noticed a human
   320 | D        | Killed a human
   325 | D        | Killed a human
   325 | D        | Reached skill level 8 in Unarmed Combat
   341 | D        | Killed a yaktaur
   368 | D        | Found a basalt altar of Yredelemnul.
   368 | D        | Found a shadowy altar of Dithmenos.
   368 | D        | Found a sacrificial altar of Ru.
   388 | D        | Became a worshipper of Dithmenos the Shadowed
   388 | D        | Reached * piety under Dithmenos
   388 | D        | Reached ** piety under Dithmenos
   406 | D        | Found a radiant altar of Vehumet.
   406 | D        | Found a deep blue altar of Sif Muna.
   406 | D        | Found an ancient bone altar of Kikubaaqudgha.
   408 | D        | Reached skill level 9 in Unarmed Combat
   436 | D        | Noticed a shadow
   449 | D        | Killed a shadow
   449 | D        | Reached *** piety under Dithmenos
   449 | D        | Reached XP level 8. HP: 52/95 MP: 7/7
   457 | D        | Found a blossoming altar of Fedhas.
   457 | D        | Found a stormy altar of Qazlal.
   457 | D        | Found a snail-covered altar of Cheibriados.
   457 | D        | Found a burning altar of Makhleb.
   457 | D        | Found a shimmering altar of Xom.
   458 | D        | Found a hazy altar of Hepliaklqana.
   458 | D        | Found an opulent altar of Gozag.
   458 | D        | Found a sparkling altar of Nemelex Xobeh.
   458 | D        | Found a corrupted altar of Lugonu.
   458 | D        | Found a viscous altar of Jiyva.
   481 | D        | Reached skill level 10 in Unarmed Combat
   510 | D        | Noticed Erica
   520 | D        | Killed Erica
   520 | D        | Reached skill level 10 in Fighting
   520 | D        | Reached skill level 10 in Dodging
   520 | D        | Reached skill level 11 in Unarmed Combat
   526 | D        | Found Gyjaun's Gadget Emporium.
   529 | D        | Noticed an orc knight
   534 | D        | Reached **** piety under Dithmenos
   534 | D        | Reached ***** piety under Dithmenos
   534 | D        | Reached skill level 12 in Unarmed Combat
   534 | D        | Reached XP level 9. HP: 40/104 MP: 8/8
   534 | D        | Killed an orc knight
   534 | D        | Killed from afar by an orc knight

Vault maps used:
D:        dungeon_sprint_mu

Skill      XL: |  1  2  3  4  5  6  7  8 |
---------------+-------------------------+-----
Fighting       | 4 5 8 9 10 | 10.3
Dodging        | 4 5 8 9 10 | 10.2
Unarmed Combat | 1 3 7 9 12 | 12.5
Stealth        | |  2.8

Action                   |  1- 3 |  4- 6 |  7- 9 || total
-------------------------+-------+-------+-------++-------
Melee: Unarmed           |    41 |     8 |    61 ||   110
       Punch             |       |       |     1 ||     1
  Use: Scroll            |     1 |       |     1 ||     2
       Potion            |     6 |       |     2 ||     8
 Stab: Sleeping          |       |       |     1 ||     1
  Eat: Chunk             |       |       |     3 ||     3
Armor: Robe              |     8 |       |     8 ||    16
Dodge: Dodged            |    20 |     5 |    21 ||    46
